 Dungeon Crawl Stone Soup version 0.19.5 (webtiles) character file.

75924 Peloso the Peltast (level 15, -10/138 HPs)
             Began as a Minotaur Fighter on Mar 22, 2017.
             Was the Champion of Okawaru.
             Mangled by a hog (12 damage)
             ... led by Kirke
             ... on level 13 of the Dungeon.
             The game lasted 01:20:20 (23072 turns).

Peloso the Peltast (Minotaur Fighter)              Turns: 23072, Time: 01:20:20

Health: -10/138    AC:  0    Str: 24    XL:     15   Next: 11%
Magic:  15/15      EV: 17    Int:  5    God:    Okawaru [******]
Gold:   711        SH:  0    Dex: 13    Spells: 0 memorised, 14 levels left

rFire  . . .     SeeInvis .     (weapon currently unavailable)
rCold  . . .     Gourm    .     (armour currently unavailable)
rNeg   . . .     Faith    +     (shield currently unavailable)
rPois  .         Spirit   .     (helmet currently unavailable)
rElec  .         Reflect  .     (cloak currently unavailable)
rCorr  .         Harm     .     (gloves currently unavailable)
MR     +....                    (boots currently unavailable)
Stlth  ++........               x - amulet of faith
                                (ring currently unavailable)
                                (ring currently unavailable)

@: about to teleport, pig-form, slowed
A: (retaliatory headbutt), (claws 0), (horns 0)
a: Heroism, Finesse, Renounce Religion


You were on level 13 of the Dungeon.
You worshipped Okawaru.
Okawaru was exalted by your worship.
You were not hungry.
You were a filthy swine.
You visited 3 branches of the dungeon, and saw 20 of its levels.
You also visited: Labyrinth and Ossuary.

You collected 1186 gold pieces.
You spent 475 gold pieces at shops.

Inventory:

Hand Weapons
 a - a +1 long sword
 c - a +4 vampiric falchion
 E - a +3 scimitar
 G - a +2 long sword of slicing (melded)
 S - a +0 scimitar of flaming
Armour
 b - a +2 pair of boots of running (melded)
 m - a +0 pair of gloves (melded)
 t - a +2 crystal plate armour (melded)
 O - a +0 cloak (melded)
 Q - a +2 large shield (melded)
Jewellery
 e - an uncursed ring of fire
 k - an uncursed ring of ice
 l - an uncursed ring of fire
 u - an uncursed ring of protection from fire
 x - an amulet of faith (around neck)
 H - a ring of protection from magic (melded)
 N - a +3 ring of strength (melded)
 U - a +4 amulet of reflection
Wands
 r - a wand of slowing (13/48)
Scrolls
 h - a scroll of enchant weapon
 n - 7 scrolls of recharging
 o - 11 scrolls of remove curse
 y - 2 scrolls of amnesia
 B - 3 scrolls of fog {unknown}
 F - 2 scrolls of identify
 K - 2 scrolls of acquirement {unknown}
 M - 3 scrolls of fear
 T - 3 scrolls of magic mapping
 X - a scroll of teleportation
 Z - a scroll of summoning {unknown}
Potions
 d - 3 potions of might
 i - 6 potions of curing
 j - 3 potions of agility
 s - 3 potions of heal wounds
 v - a potion of invisibility
 w - 2 potions of haste
 A - a potion of magic
 C - a potion of brilliance {unknown}
 D - a potion of cure mutation
 I - 2 potions of flight
 J - 2 potions of ambrosia {unknown}
 P - a potion of mutation
Books
 q - a book of Clouds

   Spells                             Type                      Level
   a - Mephitic Cloud                 Conjuration/Poison/Air       3
   b - Conjure Flame                  Conjuration/Fire             3
   c - Poisonous Cloud                Conjuration/Poison/Air       6
   d - Freezing Cloud                 Conjuration/Ice/Air          6
   e - Ring of Flames                 Charms/Fire                  7
 z - a book of Debilitation

   Spells                             Type                      Level
   a - Corona                         Hexes                        1
   b - Slow                           Hexes                        2
   c - Gell's Gravitas                Hexes/Translocation          3
   d - Inner Flame                    Hexes/Fire                   3
   e - Cause Fear                     Hexes                        4
   f - Leda's Liquefaction            Hexes/Earth                  4
Comestibles
 f - 8 bread rations
 g - 18 fruits
 p - 7 meat rations
 L - 6 beef jerkies
 R - 3 chunks of flesh


   Skills:
 + Level 14.2 Fighting
 + Level 16.2 Long Blades
 + Level 14.1 Armour
 + Level 5.7 Dodging
 + Level 2.2 Stealth
 + Level 16.9 Shields
 + Level 0.6 Invocations
 + Level 2.5 Evocations


You had 14 spell levels left.
You didn't know any spells.

Dungeon Overview and Level Annotations

Branches:
Dungeon (13/15)            Temple (1/1) D:5            Lair (6/6) D:8
 Shoals (0/4) Lair:3       Spider (0/4) Lair:4        Slime (0/5) Lair:5
    Orc (0/2) D:12         Vaults (0/5) D:13

Altars:
Ashenzari
Cheibriados
Dithmenos
Elyvilon
Fedhas
Gozag
Hepliaklqana
Makhleb
Nemelex Xobeh
Okawaru
Qazlal
Ru
Sif Muna
Trog
Uskayaw
Vehumet
Xom
Yredelemnul
Zin
The Shining One

Shops:
D:5 [*[   D:7 *=[=(   D:8 !   D:9 ?   D:11 *%

Annotations:
D:13 Kirke
Lair:4 exclusion: oklob plant


Innate Abilities, Weirdness & Mutations

((You reflexively headbutt those who attack you in melee.))
((You have a pair of horns on your head.))
((You have sharp fingernails.))


Message History

Kirke hits you.
* * * LOW HITPOINT WARNING * * *
The hog closely misses you. x2; The hog misses you.
Kirke mumbles some strange words.
Kirke flickers and vanishes!
Deactivating autopickup; reactivate with Ctrl-A.
The hog bites you!
* * * LOW HITPOINT WARNING * * *
The hog misses you.
The phantom blinks!
The hog bites you.
* * * LOW HITPOINT WARNING * * *
As you read the scroll of teleportation, it crumbles to dust.
You feel strangely unstable. The hog bites you.
* * * LOW HITPOINT WARNING * * *
The hog bites you!
* * * LOW HITPOINT WARNING * * *
The hog misses you. The hog bites you!
* * * LOW HITPOINT WARNING * * *
The hog bites you!
You die...

# #....### #......# #......#
#######.. #
#......########........
#####......................
...........................
.................{.........
................hh.........
......#########.hhhk.ยง.....
......# ####h{.......
......# ###....... ......#
....... ......# .......
......# .###... ......# .#
## ......# .# ......# .#


You could see a lindwurm and 5 hogs.

Vanquished Creatures
  Frances (D:13)
  A minotaur (Lab)
  Josephine (D:13)
  7 slime creatures
  10 hydras
  Harold (D:10)
  4 vault guards (D:13)
  Erica (D:8)
  A death knight (D:11)
  A catoblepas (D:13)
  3 centaur warriors
  Urug (Lair:4)
  Sonja (Lair:4)
  An unseen horror (D:8)
  The ghost of BugsBunnySan the Ripper, a novice FeBe of Trog (Lair:5)
  A phantasmal warrior (D:11)
  4 hill giants
  Pikel (D:5)
  An orc sorcerer (D:12)
  An orc knight (D:12)
  4 ugly things
  An oklob plant (Lair:3)
  6 black mambas
  An elephant (shapeshifter) (D:13)
  9 elephants
  Maurice (D:8)
  18 spiny frogs
  2 gargoyles
  10 komodo dragons
  A polar bear (Lair:5)
  3 trolls
  A harpy zombie (D:11)
  4 tyrant leeches (Lair:6)
  7 dream sheep (Lair:6)
  5 hornets
  13 blink frogs
  8 hippogriffs
  A shadow (D:13)
  12 spriggans (Lair:5)
  8 wraiths
  Sigmund (D:6)
  4 redbacks (Lair:4)
  A hog (D:13)
  49 yaks
  10 vampire mosquitoes
  Grum (D:8)
  2 hungry ghosts
  A basilisk (Lair:6)
  A steam dragon (D:12)
  Menkaure (D:6)
  Edmund (D:4)
  4 wargs (D:12)
  3 porcupines
  9 water moccasins
  7 ice beasts
  3 orc warriors (D:12)
  5 sky beasts
  5 black bears
  7 boggarts
  A necrophage (D:8)
  3 ogres
  3 phantoms
  12 centaurs
  12 wolves
  9 crocodiles
  6 big kobolds
  24 bullfrogs
  A wyvern zombie (D:7)
  A wyvern skeleton (D:13)
  7 scorpions
  A killer bee (D:13)
  15 wights
  7 howler monkeys
  11 electric eels
  2 centaur zombies (Ossuary)
  5 crimson imps
  A quasit (D:10)
  2 bullfrog zombies
  4 orc wizards
  2 orc priests
  6 hounds
  2 jellies
  3 centaur skeletons
  5 iguanas
  6 bullfrog skeletons
  12 worker ants
  Natasha (twice) (D:2)
  2 big kobold zombies (Ossuary)
  A hound skeleton (D:6)
  4 mummies (Ossuary)
  A howler monkey zombie (D:8)
  A worker ant zombie (D:7)
  9 adders
  7 gnolls
  5 shadow imps
  An ooze (D:6)
  An adder zombie (D:8)
  An adder skeleton (D:7)
  6 worms
  5 dart slugs
  A leopard gecko (D:3)
  34 orcs
  A ball python (D:1)
  10 bats
  5 giant cockroaches
  8 goblins
  9 hobgoblins
  11 jackals
  2 quokkas
  8 frilled lizards
  2 gnoll zombies (Ossuary)
  A goblin zombie (Ossuary)
  52 kobolds
  A kobold zombie (Ossuary)
  3 quokka skeletons
  A quokka zombie (D:6)
  5 rats
  A fungus (Lair:4)
  17 plants
654 creatures vanquished.

Vanquished Creatures (others)
  A wizard (D:6)
  A slave (D:6)
  A worker ant zombie (D:6)
  2 jackals (D:6)
  A kobold (D:10)
  A bush (Lair:2)
  28 fungi
  44 plants
79 creatures vanquished.

Grand Total: 733 creatures vanquished

Notes
Turn   | Place    | Note
-------+----------+-------------------------------------------
     0 | D:1      | Peloso the Minotaur Fighter began the quest for the Orb.
     0 | D:1      | Reached XP level 1. HP: 19/19 MP: 0/0
   120 | D:1      | Reached XP level 2. HP: 20/27 MP: 1/1
   466 | D:1      | Reached XP level 3. HP: 31/33 MP: 2/2
   877 | D:2      | HP: 1/34 [poisoned by an adder]
  1234 | D:2      | Reached XP level 4. HP: 41/41 MP: 3/3
  1491 | D:2      | Noticed Natasha
  1495 | D:2      | Killed Natasha
  1539 | D:2      | Noticed Natasha
  1546 | D:2      | Killed Natasha
  1546 | D:2      | Reached XP level 5. HP: 41/47 MP: 4/4
  1984 | D:3      | Found a bloodstained altar of Trog.
  1989 | D:3      | Found a shadowy altar of Dithmenos.
  1989 | D:3      | Found a hide-covered altar of Uskayaw.
  1990 | D:3      | Found a sacrificial altar of Ru.
  1990 | D:3      | Found a blossoming altar of Fedhas.
  1990 | D:3      | Found a sparkling altar of Nemelex Xobeh.
  2047 | D:3      | Reached skill level 1 in Dodging
  2181 | D:3      | Paralysed by an orc for 3 turns
  2518 | D:3      | Reached skill level 5 in Shields
  2603 | D:4      | Reached XP level 6. HP: 48/53 MP: 5/5
  2644 | D:4      | Noticed Edmund
  2660 | D:4      | Killed Edmund
  2660 | D:4      | Reached skill level 5 in Long Blades
  2660 | D:4      | Reached skill level 5 in Armour
  2717 | D:4      | Reached skill level 5 in Fighting
  2723 | D:4      | Reached XP level 7. HP: 36/61 MP: 6/6
  2933 | D:4      | Got a transparent scale mail
  2944 | D:4      | Identified the +0 scale mail of Inference {+Fly Str+3 Slay+3} (You found it on level 4 of the Dungeon)
  3005 | D:5      | Entered Level 5 of the Dungeon
  3057 | D:5      | Found a staircase to the Ecumenical Temple.
  3139 | D:5      | Found Iwyug's Armour Shop.
  3181 | Temple   | Entered the Ecumenical Temple
  3224 | Temple   | Became a worshipper of Warmaster Okawaru
  3394 | D:5      | Found Exaocott's Armour Emporium.
  3395 | D:5      | Found Zuociv's Assorted Antiques.
  3405 | D:5      | Bought a scroll labeled AKYRASY ULUC for 26 gold pieces
  3547 | D:5      | Found a sand-covered staircase.
  3553 | Ossuary  | Entered an ossuary
  3958 | D:5      | Reached * piety under Okawaru
  4033 | D:6      | Noticed Pikel
  4045 | D:5      | Killed Pikel
  4045 | D:5      | Reached ** piety under Okawaru
  4045 | D:5      | Reached XP level 8. HP: 57/70 MP: 7/7
  4156 | D:6      | Noticed Menkaure
  4164 | D:6      | Killed Menkaure
  4208 | D:6      | Found a bloodstained altar of Trog.
  4212 | D:6      | Noticed a wizard
  4221 | D:6      | Killed a wizard
  4273 | D:6      | Gained mutation: You have sharp fingernails. [potion of beneficial mutation]
  4335 | D:6      | Noticed Sigmund
  4346 | D:6      | Killed Sigmund
  4346 | D:6      | Reached skill level 1 in Stealth
  4367 | D:6      | Reached XP level 9. HP: 52/78 MP: 8/8
  5161 | D:7      | Found Wibin's Jewellery Shoppe.
  5208 | D:7      | Found Tadaziemm's Armour Emporium.
  5251 | D:7      | Reached *** piety under Okawaru
  5256 | D:7      | Reached skill level 10 in Long Blades
  5386 | D:7      | Found Fimoq's Assorted Antiques.
  5428 | D:7      | Bought a scroll labeled ZIXAMO DIEMM for 29 gold pieces
  5544 | D:7      | Found a faded altar of an unknown god.
  5544 | D:7      | Found a faded altar of an unknown god.
  5549 | D:7      | Found a faded altar of an unknown god.
  5551 | D:7      | Found a faded altar of an unknown god.
  5553 | D:7      | Found a hazy altar of Hepliaklqana.
  5616 | D:7      | Found Wakhip's Jewellery Shoppe.
  5640 | D:7      | Found Azugamug's Weapon Shop.
  5822 | D:8      | Found a staircase to the Lair.
  5822 | D:8      | Noticed an elephant
  5838 | D:8      | Killed an elephant
  6057 | D:8      | Noticed Maurice
  6185 | D:8      | Reached **** piety under Okawaru
  6192 | D:8      | Noticed Erica
  6220 | D:8      | Killed Erica
  6220 | D:8      | Reached XP level 10. HP: 20/88 MP: 6/9
  6593 | D:8      | Killed Maurice
  6720 | D:8      | Found Xole's Distillery.
  6758 | D:8      | Killed an unseen horror
  6758 | D:8      | Reached ***** piety under Okawaru
  6758 | D:8      | Received a gift from Okawaru
  7120 | D:8      | Noticed Grum
  7126 | D:8      | Killed Grum
  7526 | D:8      | Found a radiant altar of Vehumet.
  7883 | D:9      | Found Vyox's Magic Scroll Shop.
  8671 | D:9      | Bought a scroll of brand weapon for 240 gold pieces
  8671 | D:9      | Bought a scroll of enchant armour for 90 gold pieces
  8671 | D:9      | Bought a scroll of enchant armour for 90 gold pieces
  8693 | D:10     | Entered Level 10 of the Dungeon
  8700 | D:10     | Noticed a gargoyle
  8707 | D:10     | Killed a gargoyle
  8733 | D:10     | Reached XP level 11. HP: 95/95 MP: 10/10
  8826 | D:10     | Noticed a centaur warrior
  8833 | D:10     | Killed a centaur warrior
  8866 | D:10     | Noticed Harold
  8882 | D:10     | Killed Harold
 10076 | D:8      | Received a gift from Okawaru
 10087 | D:8      | Identified a +2 pair of boots of running (Okawaru gifted it to you on level 8 of the Dungeon)
 10123 | Lair:1   | Entered Level 1 of the Lair of Beasts
 10257 | Lair:1   | Noticed a six-headed hydra
 10262 | Lair:1   | Killed a two-headed hydra
 10262 | Lair:1   | Reached skill level 5 in Dodging
 10270 | Lair:1   | Got an ivory war axe
 10275 | Lair:1   | Identified the +7 war axe "Wasean" {antimagic, +Blink rElec Int+2 Stlth+} (You found it on level 1 of the Lair of Beasts)
 10383 | Lair:1   | Reached skill level 10 in Shields
 10437 | Lair:1   | Reached skill level 10 in Armour
 11047 | Lair:2   | Found a labyrinth entrance.
 11060 | Lab      | Entered a labyrinth
 12246 | Lab      | Noticed a minotaur
 12257 | Lab      | Killed a minotaur
 12257 | Lab      | Reached skill level 10 in Fighting
 12257 | Lab      | Reached skill level 1 in Evocations
 12573 | Lair:2   | Lost intelligence.
 12781 | Lair:2   | Reached XP level 12. HP: 89/106 MP: 10/12
 12848 | Lair:2   | Noticed a seven-headed hydra
 12870 | Lair:2   | Killed a four-headed hydra
 13023 | Lair:2   | Received a gift from Okawaru
 13334 | Lair:3   | Noticed a four-headed hydra
 13340 | Lair:3   | Killed a two-headed hydra
 13476 | Lair:3   | Received a gift from Okawaru
 13522 | Lair:3   | Found a staircase to the Shoals.
 13701 | Lair:3   | Reached ****** piety under Okawaru
 14157 | Lair:4   | Noticed a six-headed hydra
 14171 | Lair:4   | Killed a two-headed hydra
 14530 | Lair:4   | Noticed Sonja
 14537 | Lair:4   | Killed Sonja
 14604 | Lair:4   | Noticed Urug
 14620 | Lair:4   | Killed Urug
 14904 | Lair:4   | Reached XP level 13. HP: 116/116 MP: 13/13
 14909 | Lair:4   | Found a hole to the Spider Nest.
 15582 | Lair:5   | Received a gift from Okawaru
 15615 | Lair:5   | Got a steaming demon whip {god gift}
 15625 | Lair:5   | Found a staircase to the Slime Pits.
 16016 | Lair:5   | Noticed BugsBunnySan's ghost (novice FeBe)
 16043 | Lair:5   | Killed BugsBunnySan's ghost
 16043 | Lair:5   | Received a gift from Okawaru
 16480 | Lair:6   | Entered Level 6 of the Lair of Beasts
 16657 | Lair:6   | Reached skill level 15 in Long Blades
 16688 | Lair:6   | Received a gift from Okawaru
 17619 | Lair:6   | Reached skill level 15 in Shields
 17721 | Lair:6   | Reached XP level 14. HP: 100/127 MP: 14/14
 17726 | Lair:6   | Received a gift from Okawaru
 17736 | Lair:6   | Got a pair of heavily runed boots {god gift}
 17764 | Lair:6   | Identified the +1 pair of boots of the Marlin {+Inv rC- rCorr Stlth+} (Okawaru gifted it to you on level 6 of the Lair of Beasts)
 18232 | Lair:1   | Identified the +2 demon whip of Zoqe {slash, rElec Int+4} (Okawaru gifted it to you on level 5 of the Lair of Beasts)
 20183 | D:11     | Received a gift from Okawaru
 20249 | D:11     | Found Pibuz's General Store.
 20570 | D:11     | Found Howoill's Food Emporium.
 21294 | D:12     | Received a gift from Okawaru
 21323 | D:12     | Found a staircase to the Orcish Mines.
 22482 | D:13     | Noticed Josephine
 22499 | D:13     | Noticed Frances
 22505 | D:13     | Killed Josephine
 22529 | D:13     | Killed Frances
 22609 | D:13     | Reached XP level 15. HP: 66/138 MP: 15/15
 22718 | D:13     | Received a gift from Okawaru
 22996 | D:13     | Found a gate to the Vaults.
 23050 | D:13     | Noticed Kirke
 23072 | D:13     | HP: 2/138 [hog[Kirke] (7)]
 23072 | D:13     | Mangled by a hog

Skill      XL: |  1  2  3  4  5  6  7  8  9 10 11 12 13 14 |
---------------+-------------------------------------------+-----
Fighting       | 4 5 6 7 8 10 11 12 14 | 14.2
Shields        | 4 5 6 7 9 10 13 15 16 | 16.9
Long Blades    | 3 4 6 8 9 11 12 13 14 15 16 | 16.2
Armour         | 4 5 6 7 8 9 10 11 13 14 | 14.1
Dodging        | 1 2 3 4 5 |  5.7
Stealth        | 1 2 |  2.2
Evocations     | 1 2 |  2.5
Invocations    | |  0.6

Action                   |  1- 3 |  4- 6 |  7- 9 | 10-12 | 13-15 || total
-------------------------+-------+-------+-------+-------+-------++-------
Melee: Long sword        |   101 |   153 |   376 |     8 |   271 ||   909
       Headbutt          |     7 |    40 |   129 |   167 |   340 ||   683
       Scimitar          |       |       |       |   573 |   942 ||  1515
       Unarmed           |       |       |       |       |     5 ||     5
Invok: Heroism           |       |       |     1 |     2 |     3 ||     6
Evoke: Wand              |       |       |       |    22 |       ||    22
  Use: Potion            |       |     1 |     2 |     1 |     1 ||     5
       Scroll            |       |       |    15 |    12 |     4 ||    31
  Eat: Chunk             |     1 |     5 |    11 |    21 |    28 ||    66
       Fruit             |       |       |     1 |     6 |       ||     7
       Pizza             |       |       |       |     1 |       ||     1
       Beef jerky        |       |       |       |     1 |       ||     1
Armor: Scale mail        |    46 |    22 |    55 |   108 |       ||   231
       Chain mail        |       |    68 |     1 |       |       ||    69
       Crystal plate arm |       |       |       |   106 |   466 ||   572
Dodge: Dodged            |    29 |    32 |    56 |   120 |   251 ||   488
Block: Shield            |    51 |    74 |   105 |   495 |   679 ||  1404
       Reflection        |       |       |       |    17 |       ||    17
       Large shield      |       |       |       |       |    63 ||    63
       Rpst.: Long sword |     8 |     7 |    13 |       |    14 ||    42
       Scimitar          |       |       |       |    28 |    45 ||    73
